 Dungeon Crawl Stone Soup version 0.26-a0-497-g0187308201 (webtiles) character file.

Game seed: 4055363247871616516

59 MrRokkomies the Slasher (level 4, -1/46 HPs)
             Began as an Octopode Chaos Knight on Aug 6, 2020.
             Was a Plaything of Xom.
             Slain by an adder (3 damage)
             ... on level 2 of the Dungeon.
             The game lasted 00:02:13 (2069 turns).

MrRokkomies the Slasher (Octopode Chaos Knight)     Turns: 2069, Time: 00:02:15

Health: -1/46      AC:  1    Str: 11    XL:     4   Next: 3%
Magic:  4/4        EV: 14    Int: 15    God:    Xom [....*.]
Gold:   135        SH:  0    Dex: 11    Spells: 3/3 levels left

rFire    . . .     SeeInvis .   a - +1 falchion (chaos)
rCold    + . .     Faith    .   (no shield)
rNeg     . . .     Spirit   .   (helmet restricted)
rPois    .         Reflect  .   (no amulet)
rElec    .         Harm     .   (no ring)
rCorr    .                      (no ring)
MR       .....                  (no ring)
Stlth    ..........             (no ring)
HPRegen  0.15/turn              (no ring)
MPRegen  0.09/turn              (no ring)
                                (no ring)
                                (no ring)

@: brilliant, berserking, lethally poisoned (-1 -> -7), flying, hasted, very
quick
A: almost no armour, stealthy swim, amphibious, 8 rings, constrict 8, tentacle
spike 1, camouflage 1, cold resistance 1, screaming 1, gelatinous body 1, no
potion heal 1
a: Renounce Religion


You were on level 2 of the Dungeon.
You worshipped Xom.
You were a beloved toy of Xom.
You visited 1 branch of the dungeon, and saw 2 of its levels.

You collected 135 gold pieces.

Inventory:

Hand Weapons
 a - a +1 falchion of chaos (weapon)
Missiles
 b - 67 stones (quivered)
 c - 54 sling bullets
Scrolls
 e - a scroll of remove curse
 j - a scroll of fear
Potions
 g - 2 potions of might


   Skills:
 + Level 3.3 Fighting
 * Level 3.6 Long Blades
 * Level 3.1 Dodging
 + Level 1.7 Stealth


You had 3 spell levels left.
You didn't know any spells.
Your spell library was empty.

Dungeon Overview and Level Annotations

Branches:
Dungeon (2/15)

Altars:
Hepliaklqana


Innate Abilities, Weirdness & Mutations

You cannot wear most types of armour.
You are very stealthy in the water. (Stealth+)
You are amphibious.
You can wear up to eight rings at the same time.
You can use your tentacles to constrict eight enemies at once.
Your skin changes colour to match your surroundings (Stealth+).
Your rubbery body absorbs attacks. (AC +1, EV +1)
One of your tentacles bears a spike.
Your flesh is cold resistant. (rC+)
You occasionally shout uncontrollably at your foes.
Potions are less effective at restoring your health.


Message History

You feel sick.
It was a potion of brilliance.
You feel clever all of a sudden. Something bites you but does no damage.
It was a potion of mutation.
You feel extremely strange.
Your system partially rejects the healing effects of potions.
You feel resistant to cold.
You feel the urge to shout.
One of your lower tentacles grows a sharp spike.
Xom roars with laughter!
Something bites you.
* * * LOW HITPOINT WARNING * * *
You are more poisoned.
Something poisons you!
It was a potion of berserk rage.
A red film seems to cover your vision as you go berserk!
You feel yourself moving faster!
You feel mighty!
* * * LOW HITPOINT WARNING * * *
You feel sick. Something bites you.
You die... "It's all fun and games until someone loses an eye."

#.....# #.# #####.#
##'##
#####.#######...##
#.........##.....#
#.##..###.#.......
#*###########........
#.#.#..†#.#.#........
*#.#†.#..#.##....[...
*,#{@###..#)##.......
*#.)##,##..####.....#
#..#*,,,##..####...##
#..,,,,,,##.......##
#.,**,,,*#$.####..#
##,,**,*#..## #..#
*,*,,**#..#,***#..#*
**,*,,#..#,**,,....**
*,*,*...#,*,*,*.....*


There were no monsters in sight!

Vanquished Creatures
  An adder (D:2)
  A worm (D:2)
  2 orcs (D:2)
  4 bats
  3 giant cockroaches
  4 goblins
  5 hobgoblins
  6 jackals (D:1)
  5 kobolds
  5 frilled lizards
  7 rats
43 creatures vanquished.

Notes
Turn   | Place    | Note
-------+----------+-------------------------------------------
     0 | D:1      | MrRokkomies the Octopode Chaos Knight began the quest for
                  | the Orb.
     0 | D:1      | Reached XP level 1. HP: 16/16 MP: 1/1
    81 | D:1      | Reached XP level 2. HP: 17/21 MP: 2/2
   170 | D:1      | Reached skill level 1 in Stealth
   177 | D:1      | XOM: silly message
   482 | D:1      | Reached XP level 3. HP: 25/26 MP: 3/3
   482 | D:1      | XOM: scenery: 1 doors close
   739 | D:1      | XOM: god gift: 27 gold pieces
  1032 | D:1      | XOM: cloud trail
  1149 | D:1      | XOM: scenery: summon butterflies
  1412 | D:1      | XOM: 1-stop teleportation journey
  1667 | D:1      | XOM is BORED!
  1667 | D:1      | XOM: summons 3 hostile shadow creatures
  1769 | D:2      | XOM: scenery: summon butterflies
  1918 | D:2      | Found a hazy altar of Hepliaklqana.
  2055 | D:2      | Reached XP level 4. HP: 27/31 MP: 4/4
  2068 | D:2      | Gained mutation: Potions are less effective at restoring
                  | your health. [potion of mutation]
  2068 | D:2      | Gained mutation: Your flesh is cold resistant. (rC+)
                  | [potion of mutation]
  2068 | D:2      | Gained mutation: You occasionally shout uncontrollably at
                  | your foes. [potion of mutation]
  2068 | D:2      | Gained mutation: One of your tentacles bears a spike.
                  | [potion of mutation]
  2069 | D:2      | HP: 2/46 [poisoned by an adder]
  2069 | D:2      | Slain by an adder

Illustrated notes

Levels and vault maps discovered:
D:1:      nicolae_arrival_washed_ashore, layout_basic
D:2:      minmay_diamond_boxcup, layout_loops_corners,
          nicolae_overflow_crystal_walls, serial_glass, glass_columns_c,
          glass_columns_b

Skill      XL: |  1  2  3 |
---------------+----------+-----
Stealth        | 1 |  1.7
Dodging        | 3 |  3.1
Fighting       | |  3.3
Long Blades    | |  3.6

Action                   |  1- 3 |  4- 6 || total
-------------------------+-------+-------++-------
Melee: Falchion          |    58 |     8 ||    66
       Constrict         |    16 |       ||    16
       Tentacles         |     8 |     1 ||     9
  Use: Scroll            |     6 |       ||     6
       Potion            |       |     5 ||     5
 Stab: Sleeping          |     2 |       ||     2
Armor: Skin              |     6 |     2 ||     8
Dodge: Dodged            |    51 |     3 ||    54
       Rpst.: Falchion   |    17 |     1 ||    18

Table legend: (Time is in decaauts)
 A = Elapsed time spent in this place.
 B = Non-inter-level travel time spent in this place.
 C = Inter-level travel time spent in this place.
 D = Time resting spent in this place.
 E = Time spent auto-exploring this place.
 F = Levels seen in this place.
 G = Mean time per level.
                   A        B        C        D        E       F      G
               +--------+--------+--------+--------+--------+-----+--------+
         Total |   2076 |   2026 |     50 |    862 |    954 |   2 | 1038.0 |
       Dungeon |   2076 |   2026 |     50 |    862 |    954 |   2 | 1038.0 |
               +--------+--------+--------+--------+--------+-----+--------+

Top non-repeatable levels by time:
     D:1: 1674 daAuts
     D:2: 402 daAuts
